 Dungeon Crawl Stone Soup version 0.29.1-2-gbd0b4ee654 (webtiles) character file.

Game seed: 11087389160390107458

15428 raistware the Destroyer (level 12, -16/77 HPs)
             Began as an Octopode Conjurer on Nov 4, 2022.
             Was an Elder of Vehumet.
             Hit by a large rock thrown by a cyclops (25 damage)
             ... on level 11 of the Dungeon.
             The game lasted 01:09:16 (15928 turns).

raistware the Destroyer (Octopode Conjurer)        Turns: 15928, Time: 01:09:17

Health: -16/77     AC:  1    Str: 10    XL:     12   Next: 26%
Magic:  9/33       EV: 14    Int: 24    God:    Vehumet [****..]
Gold:   847        SH:  0    Dex: 10    Spells: 3/28 levels left

rFire   . . .      SeeInvis .   I - staff of air
rCold   . . .      Faith    .   (no shield)
rNeg    . . .      Spirit   .   (helmet restricted)
rPois   .          Reflect  .   H - amulet of magic regeneration
rElec   +          Harm     .   z - ring of magical power
rCorr   .          Rampage  .   (no ring)
Will    .....                   (no ring)
Stlth   ++++......              (no ring)
HPRegen 0.22/turn               (no ring)
MPRegen 0.63/turn               (no ring)
                                (no ring)
                                (no ring)

@: no status effects
A: almost no armour, amphibious, 8 rings, camouflage 2, gelatinous body 1,
(nimble swimmer 1), tentacles, strong 1
a: Renounce Religion


You were on level 11 of the Dungeon.
You worshipped Vehumet.
Vehumet was greatly pleased with you.
You visited 2 branches of the dungeon, and saw 12 of its levels.
You also visited: Ossuary.

You collected 889 gold pieces.
You spent 42 gold pieces at shops.

Inventory:

Hand Weapons
 e - a +4 hand axe
 m - a +1 short sword of electrocution
Missiles
 l - 21 poisoned darts
 p - 5 curare-tipped darts
 y - a throwing net
Armour
 k - an orb of light
Magical Staves
 I - a staff of air (weapon)
Jewellery
 z - a ring of magical power (left tentacle)
 H - an amulet of magic regeneration (around mantle)
Wands
 s - a wand of charming (2)
 u - a wand of polymorph (7)
 D - a wand of roots (4)
Scrolls
 f - 2 scrolls of poison
 h - 6 scrolls of amnesia
 j - a scroll of immolation {unknown}
 n - 2 scrolls of enchant armour
 o - 2 scrolls of enchant weapon
 t - 4 scrolls of noise
 w - 4 scrolls of teleportation
 A - 2 scrolls of blinking {unknown}
 E - a scroll of magic mapping
 F - a scroll of summoning {unknown}
Potions
 a - 2 potions of magic
 b - 2 potions of resistance
 c - a potion of lignification
 d - a potion of curing {unknown}
 g - a potion of might
 i - 2 potions of mutation
 q - 3 potions of cancellation
 r - 2 potions of ambrosia {unknown}
 v - 2 potions of attraction {unknown}
 x - 3 potions of flight {unknown}
 B - a potion of experience {unknown}
 G - 2 potions of heal wounds
Miscellaneous
 C - a condenser vane (inert)


   Skills:
 - Level 5.0 Fighting
 - Level 5.0 Dodging
 - Level 4.0 Stealth
 + Level 8.7 Spellcasting
 * Level 14.9 Conjurations
 - Level 2.0 Translocations
 - Level 4.0 Earth Magic
 - Level 2.0 Poison Magic
 - Level 4.0 Evocations


You had 3 spell levels left.
You knew the following spells:

 Your Spells              Type           Power      Damage    Failure   Level
a - Magic Dart            Conj           100%       1d8       0%          1
b - Iskenderun's Mystic   Conj/Tloc      50%        2d11      1%          4
c - Searing Ray           Conj           100%       2d8       0%          2
d - Stone Arrow           Conj/Erth      100%       3d13      1%          3
e - Mephitic Cloud        Conj/Pois/Air  54%        N/A       1%          3
f - Lee's Rapid Deconstr  Erth           14%        3d10*     9%          5
g - Orb of Destruction    Conj           35%        9d10      3%          7

Your spell library contained the following spells:

 Spells                   Type           Power      Damage    Failure   Level
 Yara's Violent Unravell  Hex/Tmut       5%         3d4       38%         5
 Freeze                   Ice            40%        1d6       1%          1
 Sandblast                Erth           58%        2d13      1%          1
 Shock                    Conj/Air       100%       1d9       1%          1
 Conjure Flame            Conj/Fire      46%        6-21      1%          3
 Dazzling Flash           Conj/Hex       92%        N/A       1%          3
 Passwall                 Tmut/Erth      16%        N/A       4%          2
 Ignite Poison            Fire/Tmut/Pois 13%        N/A       4%          3
 Frozen Ramparts          Ice            20%        1d4       5%          3
 Ensorcelled Hibernation  Hex/Ice        20%        N/A       9%          2
 Ozocubu's Armour         Ice            10%        N/A       19%         3
 Summon Guardian Golem    Hex/Summ       10%        N/A       19%         3
 Swiftness                Air            15%        N/A       19%         3
 Fulminant Prism          Conj/Hex       23%        3d13      1%          4
 Hailstorm                Conj/Ice       46%        3d11      1%          4
 Sticky Flame             Conj/Fire      46%        2d6       1%          4
 Airstrike                Air            7%         2d(2-18)  16%         4
 Spellforged Servitor     Conj/Summ      23%        N/A       50%         7
 Animate Dead             Necr           10%        N/A       52%         4
 Borgnjor's Vile Clutch   Necr/Erth      10%        N/A       58%         5
 Death Channel            Necr           5%         N/A       100%        6
 Ozocubu's Refrigeration  Ice            5%         4d8       100%        7


Dungeon Overview and Level Annotations

Branches:
Dungeon (11/15)            Temple (1/1) D:5            Lair (0/5) D:11
    Orc (0/2) D:10        Ossuary (visited)

Altars:
Ashenzari
Cheibriados
Dithmenos
Elyvilon
Fedhas
Gozag
Hepliaklqana
Kikubaaqudgha
Makhleb
Nemelex Xobeh
Okawaru
Qazlal
Ru
Sif Muna
Trog
Uskayaw
Vehumet
Wu Jian
Xom
Yredelemnul
Zin
The Shining One

Shops:
D:1 ?   D:2 *

Annotations:
D:5 3 runed translucent doors, exclusion: 3 doors, decrepitude's ghost, novice VSCj
D:11 exclusion: cyclops


Innate Abilities, Weirdness & Mutations

You cannot wear most types of armour.
You are amphibious.
You can wear up to eight rings at the same time.
Your skin blends seamlessly with your surroundings (Stealth++).
Your rubbery body absorbs attacks. (AC +1, EV +1)
((You are camouflaged when in or above water. (Stealth+)))
You have tentacles for arms and can constrict up to eight enemies at once.
Your muscles are strong. (Str +4, Int/Dex -1)


Message History

The kobold demonologist appears confused.
The kobold demonologist barely misses the troll.
The orc warrior hits the manticore with a +0 long sword!
The orc warrior hits itself with a +0 long sword.
The orc warrior is killed!
Vehumet accepts your kill.
You feel your power returning.
Unknown command.
The troll is engulfed in noxious fumes.
The troll appears confused.
Casting: Iskenderun's Mystic Blast (mildly dangerous; 1% risk of failure)
Confirm with . or Enter, or press ? or * to list all spells.
You erupt in a blast of force!
The mystic blast hits the yak.
The yak is severely wounded.
The yak is knocked back by the mystic blast.
You hear a shout!
The troll is engulfed in noxious fumes.
The troll ponders the situation.
Unknown command.
Unknown command.
Aiming: Fastroot
Press: ? - help, Shift-Dir - straight line, f - troll, p - yak
Aim: a troll (lightly wounded, confused)
The roots erupt in riotous growth!
Roots grab the troll.
Roots grab the yak.
The grasping roots constrict the yak!
The grasping roots constrict the troll.
You hear a horrible gurgling sound!
The yak is engulfed in noxious fumes.
The yak appears confused.
The yak escapes!
The troll struggles to escape constriction.
You hear a shout!
Unknown command.
Unknown command.
Unknown command.
The grasping roots constrict the troll!
The troll escapes!
You hit the yak. Your squeeze misses the yak.
The yak is almost dead.
The yak gores you!
* * * LOW HITPOINT WARNING * * *
The yak misses you.
The cyclops throws a large rock.
The large rock hits you!!
You die...

###.#.#.#.#.###....## #.....#
###.#.#.#.#.##......#####.....###
.................................
###.#.#<....##......#####.....###
#.#.#.#.####......# #.....#
#.#.#.#.####......# ####.##
#.........##......# #.#
###.................# ######.#
............#...@Y..# #......#
###.....#####......†###......#
#.#..............T°..C.....# #
#.#.#.#####.#########......####
###.#.#..####.#.#.#..............
.##.#.##....#.#...#.####.....####
..#.#.#####...#.#.#.#=Y##.Y.##.?#
..#.#.# #.....#.#.#..K##.##C.Y#
...##.# #.....#.#.##...#Y#...##


You could see a cyclops, a yak (confused) and a troll (confused).

Vanquished Creatures
  A boulder beetle (D:11)
  A two-headed ogre (D:10)
  A wolf spider zombie (D:7)
  2 ugly things (D:11)
  An elephant (D:11)
  A kobold demonologist (D:11)
  2 unseen horrors
  A rime drake (D:9)
  5 centaur skeletons (D:7)
  2 hellwings (D:7)
  A wind drake (shapeshifter) (D:10)
  2 trolls
  Grinder (D:4)
  3 shadows
  A wraith (D:10)
  A wyvern (D:7)
  16 yaks
  A vampire (D:11)
  A steam dragon (D:10)
  3 water moccasins
  A floating eye (D:10)
  3 black bears
  7 orc warriors
  A swamp drake (D:10)
  3 ogres
  6 centaurs
  3 kobold brigands
  2 necrophages
  3 gnoll sergeants
  2 scorpions
  11 wights
  16 killer bees
  4 jellies
  3 hounds
  14 orc priests
  2 iguanas (D:7)
  Natasha (thrice) (D:2)
  13 orc wizards
  8 mummies (Ossuary)
  10 gnolls
  5 adders
  4 shadow imps (D:7)
  An ufetubus (D:6)
  2 worms (D:2)
  2 dart slugs
  49 orcs
  3 bats
  5 endoplasms
  3 giant cockroaches
  3 gnoll zombies (Ossuary)
  5 goblins
  7 hobgoblins
  3 jackals (D:3)
  5 quokkas
  3 ball pythons
  5 frilled lizards
  A hobgoblin zombie (Ossuary)
  17 kobolds
  A kobold zombie (Ossuary)
  3 orc zombies (Ossuary)
  6 rats
295 creatures vanquished.

Vanquished Creatures (collateral kills)
  An orc priest (D:9)
  3 gnolls (D:9)
  An ufetubus (D:4)
  5 orcs
10 creatures vanquished.

Vanquished Creatures (others)
  An ogre (D:5)
  2 orc wizards (D:9)
  An orc (D:7)
  A fungus (D:11)
  4 plants (D:11)
  16 withered plants (D:7)
25 creatures vanquished.

Grand Total: 330 creatures vanquished

Notes
Turn   | Place    | Note
-------+----------+-------------------------------------------
     0 | D:1      | raistware the Octopode Conjurer began the quest for the
                  | Orb.
     0 | D:1      | Reached XP level 1. HP: 11/11 MP: 3/3
   105 | D:1      | Found Zotax's Magic Scroll Boutique.
   253 | D:1      | Reached XP level 2. HP: 17/17 MP: 5/5
   981 | D:1      | Bought a scroll of identify for 22 gold pieces
  1393 | D:2      | Found Iphawile's Assorted Antiques.
  1402 | D:2      | Bought a fuming red potion for 20 gold pieces
  1511 | D:2      | Reached XP level 3. HP: 21/21 MP: 1/7
  1681 | D:2      | Noticed Natasha
  1692 | D:2      | Killed Natasha
  1693 | D:2      | Reached XP level 4. HP: 8/27 MP: 4/9
  1741 | D:2      | Learned a level 4 spell: Iskenderun's Mystic Blast
  1897 | D:2      | Noticed Sigmund
  2197 | D:2      | Noticed Natasha
  2205 | D:2      | Killed Natasha
  2206 | D:2      | Reached skill level 1 in Translocations
  2397 | D:2      | Noticed Natasha
  2406 | D:2      | Killed Natasha
  3048 | D:2      | Reached XP level 5. HP: 31/31 MP: 4/11
  3207 | D:2      | Noticed Sigmund
  3207 | D:2      | Sigmund changed into Sigmund the jelly
  3211 | D:2      | Killed Sigmund the jelly
  3814 | D:3      | Noticed an ogre
  3820 | D:3      | Killed an ogre
  3821 | D:3      | Reached skill level 5 in Conjurations
  3821 | D:3      | Reached XP level 6. HP: 36/36 MP: 8/12
  4215 | D:3      | Found a sparkling altar of Nemelex Xobeh.
  4320 | D:4      | Noticed Grinder
  4732 | D:4      | Reached skill level 6 in Conjurations
  5125 | D:4      | Paralysed by Grinder for 4 turns
  5133 | D:4      | Paralysed by Grinder for 2 turns
  5135 | D:4      | Killed Grinder
  5136 | D:4      | Reached skill level 1 in Evocations
  5136 | D:4      | Reached XP level 7. HP: 16/41 MP: 11/13
  5346 | D:5      | Entered Level 5 of the Dungeon
  5354 | D:5      | Noticed decrepitude's ghost (novice VSCj)
  5355 | D:5      | Found a runed translucent gate.
  5355 | D:5      | Found a runed translucent gate.
  5355 | D:5      | Found a runed translucent gate.
  5365 | D:5      | Found a staircase to the Ecumenical Temple.
  5380 | Temple   | Entered the Ecumenical Temple
  5575 | Temple   | Became a worshipper of Vehumet
  5601 | D:5      | Reached skill level 1 in Fighting
  5601 | D:5      | Reached skill level 7 in Conjurations
  5627 | D:5      | Found a sand-covered staircase.
  5632 | Ossuary  | Entered an ossuary
  6168 | Ossuary  | Reached * piety under Vehumet
  6168 | Ossuary  | Offered knowledge of Sandblast by Vehumet.
  6392 | D:5      | Identified the +1 chain mail of Gluttony {Regen+ MP-9 Int+3
                  | Dex-5}
  6467 | D:5      | Reached XP level 8. HP: 34/51 MP: 9/14
  6633 | D:5      | Identified the +0 leather armour "Enyipt" {Str+7}
  6732 | D:5      | You fall into a shaft and drop 2 floors!
  6763 | D:7      | Noticed a wyvern
  6823 | D:7      | Killed a wyvern
  6853 | D:7      | Reached skill level 8 in Conjurations
  7123 | D:7      | Noticed a hellwing
  7162 | D:7      | Found a shadowy altar of Dithmenos.
  7460 | D:7      | Noticed a hellwing
  7491 | D:7      | Learned a level 2 spell: Searing Ray
  8368 | D:6      | Learned a level 3 spell: Stone Arrow
  8580 | D:6      | Reached skill level 1 in Earth Magic
  8843 | D:6      | Found a glowing silver altar of Zin.
  8958 | D:7      | Reached XP level 9. HP: 58/58 MP: 15/15
  9079 | D:7      | Offered knowledge of Poisonous Vapours by Vehumet.
  9082 | D:7      | Reached ** piety under Vehumet
  9216 | D:7      | Reached skill level 9 in Conjurations
  9281 | D:7      | Reached skill level 5 in Spellcasting
  9532 | D:7      | Reached skill level 10 in Conjurations
  9729 | D:7      | Reached XP level 10. HP: 36/63 MP: 12/18
 10176 | D:7      | Reached skill level 11 in Conjurations
 10742 | D:8      | Offered knowledge of Mephitic Cloud by Vehumet.
 10747 | D:8      | Learned a level 3 spell: Mephitic Cloud
 11214 | D:8      | Found a stormy altar of Qazlal.
 11225 | D:8      | Gained mutation: You occasionally lose the ability to drink
                  | potions when taking damage. [potion of mutation]
 11225 | D:8      | Lost mutation: You occasionally lose the ability to drink
                  | potions when taking damage. [potion of mutation]
 11226 | D:8      | Gained mutation: You are dopey. (Int -2) [potion of
                  | mutation]
 11226 | D:8      | Gained mutation: You are partially covered in iridescent
                  | scales. (AC +2) [potion of mutation]
 11249 | D:8      | Reached *** piety under Vehumet
 11250 | D:8      | Reached skill level 1 in Poison Magic
 11263 | D:8      | Killed an unseen horror
 11279 | D:8      | Reached skill level 12 in Conjurations
 11580 | D:8      | Reached skill level 5 in Dodging
 11604 | D:8      | Reached skill level 5 in Fighting
 11636 | D:8      | Offered knowledge of Inner Flame by Vehumet.
 11927 | D:8      | Reached XP level 11. HP: 71/71 MP: 18/20
 12210 | D:9      | Reached **** piety under Vehumet
 12391 | D:9      | Noticed Maggie
 12396 | D:9      | Noticed Maggie
 12396 | D:9      | Maggie changed into Maggie the rime drake
 12411 | D:9      | Killed Maggie the rime drake
 12423 | D:9      | Offered knowledge of Lee's Rapid Deconstruction by Vehumet.
 12753 | D:9      | Learned a level 5 spell: Lee's Rapid Deconstruction
 12789 | D:9      | Reached skill level 13 in Conjurations
 12878 | D:9      | Lost mutation: You are dopey. (Int -2) [potion of mutation]
 12878 | D:9      | Lost mutation: You are partially covered in iridescent
                  | scales. (AC +2) [potion of mutation]
 12878 | D:9      | Gained mutation: You have hidden genetic defects. [potion
                  | of mutation]
 12878 | D:9      | Lost mutation: You have hidden genetic defects. [potion of
                  | mutation]
 12878 | D:9      | Gained mutation: Your skin blends seamlessly with your
                  | surroundings (Stealth++). [potion of mutation]
 12878 | D:9      | Gained mutation: Your muscles are strong. (Str +4, Int/Dex
                  | -1) [potion of mutation]
 13027 | D:9      | Found a broken altar of Ashenzari.
 13219 | D:10     | Entered Level 10 of the Dungeon
 13369 | D:10     | Noticed a cyclops
 13376 | D:10     | a cyclops changed into a floating eye
 13703 | D:10     | Reached ***** piety under Vehumet
 13707 | D:10     | Offered knowledge of Yara's Violent Unravelling by Vehumet.
 13785 | D:10     | Found a staircase to the Orcish Mines.
 14039 | D:10     | Found a white marble altar of Elyvilon.
 14098 | D:10     | Found a basalt altar of Yredelemnul.
 14215 | D:10     | Found a glowing golden altar of the Shining One.
 14217 | D:10     | Noticed a two-headed ogre
 14221 | D:10     | Killed a two-headed ogre
 14394 | D:10     | Found a shimmering altar of Xom.
 14619 | D:10     | Noticed a centaur warrior
 14619 | D:10     | Noticed a skeletal warrior
 14619 | D:10     | Noticed a manticore
 14625 | D:10     | Noticed a manticore
 14751 | D:11     | Noticed a boulder beetle
 14756 | D:11     | Noticed a white ugly thing
 14767 | D:11     | Killed a white ugly thing
 14768 | D:11     | Reached skill level 14 in Conjurations
 14768 | D:11     | Killed a boulder beetle
 14777 | D:11     | Learned a level 7 spell: Orb of Destruction
 14837 | D:11     | Noticed a brown ugly thing
 14908 | D:11     | Killed a brown ugly thing
 14914 | D:11     | Reached XP level 12. HP: 58/77 MP: 9/24
 15354 | D:11     | Found a staircase to the Lair.
 15928 | D:11     | Hit by a large rock thrown by a cyclops

Illustrated notes

Levels and vault maps discovered:
D:1:      dpeg_arrival_orchard, layout_basic, serial_shops, shop_fountains,
          minmay_misc_feat_four_crosses
D:2:      layout_loops_corners, serial_shops, shop, uniq_natasha, uniq_sigmund
D:3:      layout_basic, marbit_many_paths, saegor_snake_ambush
D:4:      layout_gridville, grunt_ministairs_1, skrybe_limestone_x, uniq_grinder
D:5:      layout_basic, minmay_temple_entry_water_ring, gammafunk_ghost_split,
          enter_ossuary_2, hangedman_decor_diamond_cutter
D:6:      layout_rooms, kennysheep_mini_moat
D:7:      cheibrodos_grave_circle, layout_basic, mainiacjoe_overflow_boulevard
D:8:      layout_basic, nicolae_qazlal_general_emergency
D:9:      layout_rooms, old_standard_altar, chequers_serial_rivers_micro_c,
          uniq_maggie
D:10:     minmay_the_grid_triangle_9x9_rhombus_thin
          [minmay_the_grid_triangle_9x9_descending_squares,
          minmay_the_grid_triangle_9x9_prize_center,
          minmay_the_grid_triangle_9x9_limited_checkers,
          minmay_the_grid_triangle_9x9_sprig], layout_rooms,
          kennysheep_ying_yang, tso_oasis_becter, kennysheep_mini, erik_orc_1
D:11:     cheibrodos_barr_body, layout_basic, david_lair_generic
Temple:   nicolae_temple_figure_eight

Skill      XL: |  1  2  3  4  5  6  7  8  9 10 11 |
---------------+----------------------------------+-----
Spellcasting   | 3 4 5 6 8 |  8.7
Stealth        | 3 4 |  4.0
Translocations | 1 2 |  2.0
Conjurations   | 5 6 7 8 10 12 14 | 14.9
Evocations     | 1 2 3 4 |  4.0
Fighting       | 2 4 5 |  5.0
Dodging        | 4 5 |  5.0
Earth Magic    | 1 4 |  4.0
Poison Magic   | 2 |  2.0

Action                   |  1- 3 |  4- 6 |  7- 9 | 10-12 || total
-------------------------+-------+-------+-------+-------++-------
Melee: Hand axe          |    16 |    37 |    70 |    93 ||   216
       Punch             |     1 |     1 |     2 |     3 ||     7
       Constrict         |     4 |     8 |    15 |    22 ||    49
       Tentacles         |     2 |     8 |    14 |    29 ||    53
       Staff             |       |       |       |     1 ||     1
Throw: Dart              |       |    17 |    14 |    13 ||    44
 Cast: Magic Dart        |    33 |    88 |   129 |    26 ||   276
       Stone Arrow       |       |       |    49 |   110 ||   159
       Iskenderun's Myst |       |       |     7 |    56 ||    63
       Searing Ray       |       |       |     1 |     1 ||     2
       Mephitic Cloud    |       |       |       |    36 ||    36
       Lee's Rapid Decon |       |       |       |     5 ||     5
       Orb of Destructio |       |       |       |     1 ||     1
Evoke: Wand              |       |     2 |     7 |    13 ||    22
       Condenser vane    |       |       |       |     1 ||     1
  Use: Scroll            |     3 |       |     8 |       ||    11
       Potion            |       |     1 |     4 |     6 ||    11
 Stab: Sleeping          |     6 |     3 |       |     1 ||    10
       Confused          |       |       |       |     4 ||     4
Armor: Skin              |     1 |     2 |    10 |     8 ||    21
Dodge: Dodged            |    12 |    23 |    49 |    88 ||   172
